 Dungeon Crawl Stone Soup version 0.29-a0-506-ga2e7fffb44 (webtiles) character file.

Game seed: 2239856819657192899

15061 dolemite99 the Arsonist (level 12, -1/59 HPs)
             Began as a Gargoyle Earth Elementalist on May 29, 2022.
             Was a Believer of Yredelemnul.
             Slain by a merfolk
             ... wielding a +0 trident
              (17 damage)
             ... on level 2 of the Lair of Beasts.
             The game lasted 00:21:39 (20604 turns).

dolemite99 the Arsonist (GrEE)                     Turns: 20604, Time: 00:21:40

Health: -1/59      AC: 18    Str: 13    XL:     12   Next: 23%
Magic:  11/18      EV: 12    Int: 20    God:    Yredelemnul [**....]
Gold:   689        SH:  0    Dex: 13    Spells: 7/19 levels left

rFire   . . .      SeeInvis .   b - +1 fustibalus (venom)
rCold   . . .      Faith    .   (no shield)
rNeg    + + .      Spirit   .   s - +2 robe of Polish {Fly Will+ Dex+3}
rPois   ∞          Reflect  .   K - +0 helmet
rElec   +          Harm     .   q - +1 cloak
rCorr   .          Rampage  .   G - +0 pair of gloves
Will    +....                   y - +1 pair of boots
Stlth   ++........              (no amulet)
HPRegen 0.19/turn               l - ring of positive energy
MPRegen 0.16/turn               (no ring)

@: flying, mesmerised
A: sickness immunity, AC +8, negative energy resistance 1, electricity
resistance, torment resistance 1, petrification resistance
a: Renounce Religion, Recall Undead Harvest, Dark Bargain


You were on level 2 of the Lair of Beasts.
You worshipped Yredelemnul.
Yredelemnul was noncommittal.
You visited 2 branches of the dungeon, and saw 13 of its levels.

You collected 972 gold pieces.
You spent 283 gold pieces at shops.

Inventory:

Hand Weapons
 b - a +1 fustibalus of venom (weapon)
 k - a +0 scimitar
 p - a +0 vorpal trident
 u - a +1 vorpal trident
 z - a +7 short sword
 A - the +6 dagger of the Reaper {vorpal, rCorr Int+4 SInv}
   (You found it on level 5 of the Dungeon)

   It inflicts extra damage upon your enemies.
   Int:       It affects your intelligence (+4).
   SInv:      It lets you see invisible.
   rCorr:     It protects you from acid and corrosion.
 B - a +3 trident of freezing
Missiles
 e - 2 silver boomerangs
 h - 227 stones
 m - 60 poisoned darts
 w - a throwing net
Armour
 q - a +1 cloak (worn)
 s - the +2 robe of Polish (worn) {Fly Will+ Dex+3}
   (You took it off an orc on level 3 of the Dungeon)

   Dex:       It affects your dexterity (+3).
   Fly:       It grants you flight.
   Will:      It increases your willpower.
 y - a +1 pair of boots (worn)
 G - a +0 pair of gloves (worn)
 K - a +0 helmet (worn)
Magical Staves
 a - a staff of earth
 H - a staff of cold
 J - a staff of poison
Jewellery
 l - a ring of positive energy (left hand)
 D - an amulet of guardian spirit
Wands
 C - a wand of digging (3)
Scrolls
 i - 6 scrolls of teleportation
 t - a scroll of amnesia
 x - a scroll of enchant armour
 F - 2 scrolls of silence
 P - a scroll of magic mapping
 Q - 2 scrolls of identify {@r1}
Potions
 c - a potion of magic
 d - a potion of might
 f - 2 potions of brilliance
 g - 2 potions of attraction
 j - 3 potions of flight
 n - 10 potions of curing
 o - a potion of ambrosia
 r - 2 potions of heal wounds
 v - a potion of haste {unknown}
 E - a potion of lignification {unknown}
 I - a potion of berserk rage {unknown}
 M - a potion of resistance {unknown}
 N - 7 potions of mutation {unknown}
 O - 4 potions of invisibility


   Skills:
 - Level 3.8 Slings
 - Level 1.5 Dodging
 - Level 2.1 Stealth
 - Level 4.4 Spellcasting
 - Level 7.2 Conjurations
 - Level 0.7 Transmutations
 - Level 14.8 Fire Magic
 + Level 11.0 Earth Magic


You had 7 spell levels left.
You knew the following spells:

 Your Spells              Type           Power      Damage    Failure   Level
a - Scorch                Fire           100%       2d10      1%          2
b - Sandblast             Erth           96%        2d20      1%          1
c - Stone Arrow           Conj/Erth      80%        3d12      1%          3
d - Mephitic Cloud        Conj/Pois/Air  14%        N/A       14%         3
e - Frozen Ramparts       Ice            8%         1d2       36%         3

Your spell library contained the following spells:

 Spells                   Type           Power      Damage    Failure   Level
 Magic Dart               Conj           100%       1d8       1%          1
 Passwall                 Tmut/Erth      22%        N/A       1%          2
 Ignite Poison            Fire/Tmut/Pois 25%        N/A       4%          3
 Petrify                  Tmut/Erth      27%        N/A       11%         4
 Freeze                   Ice            16%        1d4       12%         1
 Summon Small Mammal      Summ           16%        N/A       12%         1
 Call Imp                 Summ           4%         N/A       19%         2
 Hailstorm                Conj/Ice       18%        3d6       28%         4
 Call Canine Familiar     Summ           4%         N/A       36%         3
 Summon Guardian Golem    Hex/Summ       4%         N/A       36%         3
 Freezing Cloud           Conj/Ice/Air   7%         6-21      77%         5


Dungeon Overview and Level Annotations

Branches:
Dungeon (11/15)            Temple (0/1) D:6            Lair (2/6) D:10
    Orc (0/2) D:9
  Swamp: Lair:2-4    Shoals: Lair:2-4     Snake: Lair:2-4    Spider: Lair:2-4

Altars:
Ashenzari
Dithmenos
Elyvilon
Fedhas
Hepliaklqana
Nemelex Xobeh
Okawaru
Qazlal
Sif Muna
Trog
Yredelemnul
Zin
The Shining One

Shops:
D:5 *   D:7 *

Annotations:
D:4 2 runed translucent doors, Linklo's ghost, amateur MiBe
D:5 Ijyb


Innate Abilities, Weirdness & Mutations

You are immune to sickness and miasma.
Your stone body is resilient. (AC +8)
You are immune to poison.
You resist negative energy. (rN+)
You are resistant to electric shocks. (rElec)
You are resistant to unholy torment.
You are immune to petrification.


Message History

The merfolk throws a boomerang.
The boomerang hits you.
Your seven-headed hydra zombie bites the merfolk siren.
Your seven-headed hydra zombie misses the merfolk siren.
Your seven-headed hydra zombie completely misses the merfolk siren.
Your seven-headed hydra zombie closely misses the merfolk siren.
Your seven-headed hydra zombie barely misses the merfolk siren.
Your seven-headed hydra zombie bites the merfolk siren.
Your seven-headed hydra zombie closely misses the merfolk siren.
Your yak zombie gores the merfolk siren!
The merfolk siren chants its luring song.
The merfolk misses you.
Casting: Sandblast (safe; 1% risk of failure)
Confirm with . or Enter, or press ? or * to list all spells.
Aiming: Sandblast (safe; 1% risk of failure)
Press: ? - help, Shift-Dir - straight line, f/p - merfolk
Aim: a merfolk, wielding a +0 trident and quivering boomerangs (severely wounded, 79% to hit)
The blast of sand misses the merfolk.
h - 228 stones The merfolk siren chants its luring song.
The merfolk hits you but does no damage.
Your seven-headed hydra zombie closely misses the merfolk siren. x3
Your seven-headed hydra zombie bites the merfolk siren.
Your seven-headed hydra zombie bites the merfolk siren but does no damage.
Your seven-headed hydra zombie bites the merfolk siren. x2
The merfolk siren dies!
The merfolk throws a boomerang.
The boomerang hits you.
Your Earth Magic skill increases to level 11!
Casting: Sandblast (safe; 1% risk of failure)
Confirm with . or Enter, or press ? or * to list all spells.
Aiming: Sandblast (safe; 1% risk of failure)
Press: ? - help, Shift-Dir - straight line, f/p - merfolk
Aim: a merfolk, wielding a +0 trident and quivering boomerangs (severely wounded, ally target, 79% to hit)
The blast of sand hits the merfolk!
The merfolk is almost dead.
h - 227 stones The merfolk throws a boomerang.
The boomerang hits you!!
* * * LOW HITPOINT WARNING * * *
The merfolk hits you from afar with a +0 trident!
You die...
Your body rises from the dead as a mindless zombie.

##.### ### ## #..#.#####
##.#####.# #........###
#P.......#
#..........####........#
#..............P.....###
#...ZZZZ.......P.ZZ.m≈.#
#......Z.P........m.#.≈≈
.)..ZZZ........#..m.# .m
...Z..........#.@...# .
.........#....##......#
.......................#
.......[........#....#.#
......................##
........................
........................
.................#...PP#
...............P.#


You could see 2 merfolk, a merfolk siren (mesmerising), a friendly seven-headed
hydra zombie and a friendly yak zombie.

Vanquished Creatures
  A hydra (Lair:2)
  2 two-headed ogres
  Pikel (D:6)
  A black mamba (Lair:1)
  3 cane toads
  5 komodo dragons
  2 trolls (D:9)
  A polar bear (Lair:1)
  A vampire (D:10)
  2 wyverns (D:10)
  2 shadows
  A steam dragon (D:7)
  11 yaks
  2 water moccasins
  An orc warrior (D:10)
  2 black bears
  2 sky beasts
  4 centaurs
  A lemure (D:6)
  2 kobold brigands (D:8)
  6 bullfrogs
  2 scorpions
  7 wights
  3 killer bees (D:8)
  An electric eel (Lair:1)
  A jelly (D:4)
  4 hounds
  7 orc priests
  9 orc wizards
  2 hound zombies (D:3)
  A howler monkey zombie (D:3)
  6 gnolls
  4 adders
  A white imp (D:6)
  2 ufetubi (D:6)
  3 worms
  2 dart slugs
  48 orcs
  8 bats
  3 endoplasms
  2 giant cockroaches
  13 goblins
  10 hobgoblins
  2 jackals (D:5)
  23 kobolds
  5 quokkas
  3 ball pythons
  A ball python zombie (D:3)
  4 frilled lizards
  7 rats
237 creatures vanquished.

Vanquished Creatures (collateral kills)
  A black mamba (Lair:1)
  A merfolk siren (Lair:2)
  A cane toad (Lair:1)
  A troll (D:9)
  2 polar bears
  12 yaks
  A water moccasin (Lair:2)
  2 orc warriors
  A centaur (D:9)
  A lemure (D:7)
  2 kobold brigands
  2 bullfrogs
  2 scorpions
  A jelly (D:5)
  2 orc priests
  An iguana (D:5)
  3 orc wizards
  16 orcs
  A ball python (D:4)
  A goblin (D:4)
  A hobgoblin (D:4)
  A quokka (D:4)
  4 kobolds
  An orc zombie (D:9)
61 creatures vanquished.

Vanquished Creatures (others)
  A black mamba zombie (Lair:1)
  2 two-headed ogre zombies
  A cane toad zombie (Lair:1)
  3 komodo dragon zombies
  A water moccasin zombie (Lair:1)
  2 troll zombies (D:9)
  7 yak zombies
  2 centaur zombies
  A black bear zombie (D:7)
  2 bullfrog zombies
  2 killer bee zombies (D:8)
  2 hound zombies
  A jelly zombie (D:4)
  An adder zombie (D:5)
  A giant cockroach zombie (D:4)
  2 gnoll zombies (D:4)
  2 goblin zombies (D:4)
  A hobgoblin zombie (D:4)
  2 jackal zombies (D:5)
  6 kobold zombies
  20 orc zombies
  2 quokka zombies
  A spectral ufetubus (D:6)
  5 fungi
  48 plants
118 creatures vanquished.

Grand Total: 416 creatures vanquished

Notes
Turn   | Place    | Note
-------+----------+-------------------------------------------
     0 | D:1      | dolemite99 the Gargoyle Earth Elementalist began the quest
                  | for the Orb.
     0 | D:1      | Reached XP level 1. HP: 10/10 MP: 3/3
   239 | D:1      | Reached XP level 2. HP: 10/15 MP: 0/5
   526 | D:1      | Found a faded altar of an unknown god.
   970 | D:1      | Reached XP level 3. HP: 19/19 MP: 3/6
  1038 | D:1      | Reached skill level 5 in Earth Magic
  1840 | D:2      | Learned a level 3 spell: Stone Arrow
  2138 | D:2      | Reached skill level 1 in Slings
  2138 | D:2      | Reached XP level 4. HP: 24/24 MP: 4/7
  2178 | D:2      | Noticed a scorpion
  2182 | D:2      | Reached skill level 1 in Conjurations
  2187 | D:2      | Killed a scorpion
  2188 | D:2      | Reached XP level 5. HP: 28/28 MP: 3/8
  2629 | D:3      | Found a stormy altar of Qazlal.
  3555 | D:3      | Reached XP level 6. HP: 32/32 MP: 6/9
  3588 | D:3      | Learned a level 1 spell: Sandblast
  3804 | D:3      | Found a basalt altar of Yredelemnul.
  3816 | D:3      | Became a worshipper of Yredelemnul the Dark
  3974 | D:3      | Found a sparkling altar of Nemelex Xobeh.
  3996 | D:3      | Identified the +2 robe of Polish {Fly Will+ Dex+3}
  4421 | D:4      | Found a broken altar of Ashenzari.
  4465 | D:4      | Reached * piety under Yredelemnul
  4485 | D:4      | Found a runed translucent door.
  4542 | D:4      | Found a runed translucent door.
  4723 | D:4      | Reached ** piety under Yredelemnul
  5382 | D:4      | Reached XP level 7. HP: 36/36 MP: 5/10
  5447 | D:4      | Found a shadowy altar of Dithmenos.
  5447 | D:4      | Found a blossoming altar of Fedhas.
  5666 | D:4      | Noticed Linklo's ghost (amateur MiBe)
  5877 | D:5      | Entered Level 5 of the Dungeon
  5951 | D:5      | Found Wigobbim's General Store.
  5952 | D:5      | Found Alol Jit's Specific Store.
  6060 | D:5      | Bought a scroll of identify for 26 gold pieces
  6075 | D:5      | Identified the +6 dagger of the Reaper {vorpal, rCorr Int+4
                  | SInv}
  6234 | D:5      | Noticed Ijyb
  7052 | D:6      | Reached skill level 5 in Conjurations
  7052 | D:6      | Reached XP level 8. HP: 41/41 MP: 7/11
  7234 | D:6      | Found a staircase to the Ecumenical Temple.
  7922 | D:6      | Found a bloodstained altar of Trog.
  7935 | D:6      | Found a shimmering blue altar of Sif Muna.
  7941 | D:6      | Got Sif Muna's Collected Works on Fire
  8159 | D:6      | Learned a level 2 spell: Scorch
  8803 | D:7      | Noticed Pikel
  9147 | D:7      | Reached skill level 1 in Fire Magic
  9147 | D:7      | Reached XP level 9. HP: 45/45 MP: 10/12
  9178 | D:7      | Reached skill level 2 in Fire Magic
  9907 | D:7      | Reached skill level 3 in Fire Magic
  9980 | D:7      | Found Yzuunwou's Assorted Antiques.
  9998 | D:7      | Bought a scroll labelled FADYCL KOALALA for 26 gold pieces
  9998 | D:7      | Bought a gluggy blue potion for 23 gold pieces
 10000 | D:7      | Bought a warped falchion for 208 gold pieces
 10000 | D:7      | Identified the +5 falchion "Kodetah" {drain, Str-5 Dex+6
                  | Stlth+} (You bought it in a shop on level 7 of the Dungeon)
 10247 | D:6      | Killed Pikel
 10248 | D:6      | Reached skill level 5 in Fire Magic
 10512 | D:8      | Reached skill level 6 in Fire Magic
 11221 | D:8      | Reached skill level 7 in Fire Magic
 12024 | D:9      | Noticed a two-headed ogre
 12028 | D:9      | Killed a two-headed ogre
 12029 | D:9      | Reached skill level 9 in Fire Magic
 12029 | D:9      | Reached XP level 10. HP: 50/50 MP: 13/13
 12519 | D:9      | Reached skill level 10 in Fire Magic
 12554 | D:9      | Reached *** piety under Yredelemnul
 12609 | D:9      | Found a glowing silver altar of Zin.
 12865 | D:9      | Found a staircase to the Orcish Mines.
 13010 | D:9      | Found a glowing golden altar of the Shining One.
 13247 | D:9      | Found a white marble altar of Elyvilon.
 13610 | D:10     | Entered Level 10 of the Dungeon
 13954 | D:10     | Found an iron altar of Okawaru.
 14246 | D:10     | Found a staircase to the Lair.
 14633 | D:10     | Reached skill level 11 in Fire Magic
 15160 | D:10     | Reached skill level 12 in Fire Magic
 15163 | D:10     | Reached XP level 11. HP: 25/54 MP: 3/14
 15359 | D:10     | Found a hazy altar of Hepliaklqana.
 16082 | Lair:1   | Entered Level 1 of the Lair of Beasts
 16090 | Lair:1   | Reached skill level 13 in Fire Magic
 16446 | D:10     | Reached skill level 14 in Fire Magic
 17637 | D:11     | Learned a level 3 spell: Mephitic Cloud
 17641 | D:11     | Learned a level 3 spell: Frozen Ramparts
 17759 | D:11     | Noticed a two-headed ogre
 17764 | D:11     | Killed a two-headed ogre
 17768 | D:11     | Noticed a boulder beetle
 19510 | Lair:2   | Reached XP level 12. HP: 53/59 MP: 12/17
 19943 | Lair:2   | Reached skill level 10 in Earth Magic
 19975 | Lair:2   | Noticed a seven-headed hydra
 19994 | Lair:2   | HP: 2/59 [seven-headed hydra (4)]
 19998 | Lair:2   | Killed a seven-headed hydra
 20604 | Lair:2   | Slain by a merfolk

Illustrated notes

Levels and vault maps discovered:
D:1:      minmay_arrival_pointy, layout_basic,
          shapermc_ecumenical_altar_mp_ritualfount, minmay_tromino_v4_b
D:2:      layout_basic
D:3:      cheibrodos_pilgrimage, layout_rooms, nicolae_yredelemnul_corpse_copse,
          nemelex_spade_bored_becter, grunt_qazlal_clouds,
          minmay_misc_feat_encased
D:4:      layout_loops_ring, ashenzari_altar_1, gammafunk_temple_overflow_pools,
          ebering_ghost_sewer_f, amcnicky_mini_corridor_feature,
          kennysheep_generic_room_3
D:5:      layout_cave_pools, nicolae_specific_store, hangedman_decor_push,
          patterned_corridor, uniq_ijyb
D:6:      layout_layer_cave, nzn_overflow_gifts_of_might_and_magic,
          minmay_temple_entry_crystal_x
D:7:      layout_layer_cave, serial_shops, shop, uniq_pikel
D:8:      layout_loops_cross
D:9:      layout_roguey, lemuel_round_altar, mainiacjoe_overflow_cross_hatched,
          mainiacjoe_overflow_surrounded_room, hiddenorc1_lemuel
D:10:     layout_roguey, okawaru_gym_becter, mainiacjoe_overflow_alcove_4,
          david_lair_shrubbed
D:11:     layout_loops_ring
Lair:1:   layout_regular_city, gammafunk_lair_bear_cave
Lair:2:   layout_gridlike, elwin_shoals_entry_stream

Skill      XL: |  1  2  3  4  5  6  7  8  9 10 11 12 |
---------------+-------------------------------------+-----
Earth Magic    | 4 5 6 7 9 11 | 11.0
Slings         | 1 2 3 |  3.8
Conjurations   | 1 2 3 5 7 |  7.2
Fire Magic     | 1 9 12 14 | 14.8
Spellcasting   | 3 4 |  4.4
Dodging        | |  1.5
Stealth        | |  2.1
Transmutations | |  0.7

Action                   |  1- 3 |  4- 6 |  7- 9 | 10-12 || total
-------------------------+-------+-------+-------+-------++-------
Melee: Unarmed           |     2 |       |       |       ||     2
       Staff             |       |       |    19 |       ||    19
 Fire: Fustibalus        |    67 |   104 |    45 |   103 ||   319
Throw: Dart              |       |       |     5 |       ||     5
 Cast: Sandblast         |    30 |    64 |   111 |    89 ||   294
       Stone Arrow       |       |       |     6 |    41 ||    47
       Scorch            |       |       |     2 |    20 ||    22
Evoke: Wand              |       |       |     8 |    10 ||    18
  Use: Scroll            |     7 |     7 |    10 |     5 ||    29
       Potion            |       |       |       |     2 ||     2
Armor: Robe              |    18 |    32 |    56 |    87 ||   193
Dodge: Dodged            |    44 |    45 |    83 |    92 ||   264

Table legend: (Time is in decaauts)
 A = Elapsed time spent in this place.
 B = Non-inter-level travel time spent in this place.
 C = Inter-level travel time spent in this place.
 D = Time resting spent in this place.
 E = Time spent auto-exploring this place.
 F = Levels seen in this place.
 G = Mean time per level.
                   A        B        C        D        E       F      G
               +--------+--------+--------+--------+--------+-----+--------+
         Total |  20757 |  20298 |    459 |   9192 |   8192 |  13 | 1596.7 |
       Dungeon |  17856 |  17410 |    446 |   7764 |   7074 |  11 | 1623.3 |
          Lair |   2901 |   2888 |     13 |   1428 |   1118 |   2 | 1450.5 |
               +--------+--------+--------+--------+--------+-----+--------+

Top non-repeatable levels by time:
    D:10: 3587 daAuts
     D:6: 2307 daAuts
     D:1: 1788 daAuts
     D:7: 1733 daAuts
     D:9: 1717 daAuts
  Lair:1: 1667 daAuts
     D:4: 1566 daAuts
     D:3: 1522 daAuts
     D:8: 1383 daAuts
  Lair:2: 1234 daAuts
     D:2: 1084 daAuts
     D:5: 888 daAuts
    D:11: 276 daAuts
